 Dungeon Crawl Stone Soup version 0.22-a0-803-gd6d8abeff0 (webtiles) character file.

5082 Holzbalken the Basher (level 10, -6/60 HPs)
             Began as a Gargoyle Monk on July 22, 2018.
             Was a High Priest of Okawaru.
             Mangled by an orc warrior
             ... wielding a +0 battleaxe
              (12 damage)
             ... on level 9 of the Dungeon.
             The game lasted 00:33:08 (10111 turns).

Holzbalken the Basher (Gargoyle Monk)              Turns: 10111, Time: 00:33:09

Health: -6/60      AC: 18    Str: 17    XL:     10   Next: 57%
Magic:  10/10      EV:  8    Int: 11    God:    Okawaru [*****.]
Gold:   117        SH:  7    Dex: 13    Spells: 9/9 levels left

rFire    . . .     SeeInvis +   G - +2 flail (crush)
rCold    . . .     Gourm    .   L - +2 buckler "Asytem" {MR+ Stlth+}
rNeg     + . .     Faith    .   h - +0 chain mail
rPois    ∞         Spirit   .   (no helmet)
rElec    +         Reflect  .   (no cloak)
rCorr    .         Harm     .   (no gloves)
MR       +....                  e - +0 pair of boots
Stlth    ..........             (no amulet)
HPRegen  0.20/turn              i - ring of wizardry
MPRegen  0.12/turn              J - ring of see invisible

@: fainting
A: negative energy resistance 1, electricity resistance, unbreathing,
petrification resistance, rot immunity, AC +7
a: Heroism, Finesse, Renounce Religion


You were on level 9 of the Dungeon.
You worshipped Okawaru.
Okawaru was extremely pleased with you.
You were fainting.

You visited 1 branch of the dungeon, and saw 9 of its levels.
You also visited: Sewer.

You collected 421 gold pieces.
You spent 304 gold pieces at shops.

Inventory:

Hand Weapons
 a - a +0 mace
 x - a +0 flail
 G - a +2 flail of crushing (weapon)
Armour
 b - a +0 robe
 d - a +0 leather armour
 e - a +0 pair of boots (worn)
 h - a +0 chain mail (worn)
 v - a +0 shield
 L - the +2 buckler "Asytem" (worn) {MR+ Stlth+}
   (You bought it in a shop on level 5 of the Dungeon)

   It affects your resistance to hostile enchantments.
   It makes you more stealthy.
Jewellery
 i - a ring of wizardry (left hand)
 J - a ring of see invisible (right hand)
Wands
 E - a wand of random effects (51)
 F - a wand of flame (22)
 K - a wand of digging (40)
 M - a wand of disintegration (12)
Scrolls
 j - 8 scrolls of identify {unknown}
 m - 10 scrolls of teleportation {unknown}
 n - 3 scrolls of remove curse {unknown}
 o - 2 scrolls of fog {unknown}
 s - 3 scrolls of immolation {unknown}
 t - a scroll of fear {unknown}
 w - 3 scrolls of amnesia {unknown}
 y - 3 scrolls of enchant weapon {unknown}
 A - 2 scrolls of torment {unknown}
 C - a scroll of blinking {unknown}
 D - a scroll of holy word {unknown}
 I - a scroll of magic mapping {unknown}
Potions
 f - 2 potions of degeneration {unknown}
 g - 2 potions of magic {unknown}
 k - a potion of brilliance {unknown}
 p - a potion of lignification {unknown}
 q - a potion of agility {unknown}
 r - a potion of invisibility {unknown}
 u - a potion of might {unknown}
 z - 3 potions of cancellation {unknown}
 B - 2 potions of mutation {unknown}
 H - a potion of resistance {unknown}
 N - a potion of berserk rage {unknown}
Comestibles
 c - 10 rations


   Skills:
 * Level 6.2 Fighting
 + Level 12.0 Maces & Flails
 + Level 6.4 Armour
 - Level 2.4 Dodging
 - Level 2.1 Stealth
 - Level 6.3 Shields


You had 9 spell levels left.
You didn't know any spells.
Your spell library contained the following spells:

 Spells                   Type           Power        Failure   Level  Hunger
 Fireball                 Conj/Fire      #.........   100%        5    ######.
 Conjure Flame            Conj/Fire      #.......     99%         3    ####...
 Throw Flame              Conj/Fire      #.....       92%         2    ###....
 Sticky Flame             Conj/Fire      #.......     100%        4    #####..
 Flame Tongue             Conj/Fire      #....        83%         1    ##.....
 Inner Flame              Hex/Fire       #.......     99%         3    ####...


Dungeon Overview and Level Annotations

Branches:
Dungeon (9/15)             Temple (0/1) D:7
   Lair: D:8-11         Orc: D:9-12

Altars:
Ashenzari
Elyvilon
Kikubaaqudgha
Okawaru
Qazlal
Uskayaw
Xom
Zin

Shops:
D:5 [


Innate Abilities, Weirdness & Mutations

You are resistant to torment.
Your stone body is resilient. (AC +7)
You are immune to poison.
You resist negative energy. (rN+)
You are resistant to electric shocks. (rElec)
You can survive without breathing.
You are immune to petrification.
You are immune to rotting.


Message History

You hit the orc priest but do no damage.
The orc priest is severely wounded.
The orc priest invokes the aid of Beogh against you.
Beogh smites you!
* * * LOW HITPOINT WARNING * * *
You closely miss the orc priest.
The orc priest is severely wounded.
You block the orc warrior's attack.
The orc priest hits you but does no damage.
You hit the orc priest.
The orc priest is almost dead.
The orc priest looks satisfied for a moment.
The orc warrior hits you but does no damage.
You sock the orc priest!
You kill the orc priest!
Okawaru accepts your kill.
You hit the orc warrior.
The orc warrior is lightly wounded.
The orc warrior hits you with a battleaxe!
You die...

########
###......### ###
#..........#####.#
.<..............o#
..............##@#
.............###)##
............## ##.#
............# #.#
...........## ##.#
..........## .#
.........## ..
.........# ...
........## W...


You could see an orc warrior.

Vanquished Creatures
  2 two-headed ogres (D:8)
  Maurice (D:8)
  2 hippogriffs
  A wyvern (D:8)
  A hungry ghost (D:9)
  4 vampire mosquitoes (D:9)
  An orc warrior (D:7)
  An ice beast (D:8)
  A sky beast (D:6)
  A phantom (D:9)
  A necrophage (D:8)
  5 ogres
  3 bullfrogs
  2 scorpions
  3 howler monkeys
  4 crimson imps
  A jelly (D:8)
  2 centaur zombies
  4 hounds
  A bullfrog skeleton (D:7)
  5 orc priests
  5 orc wizards
  A centaur skeleton (D:5)
  An iguana (D:6)
  4 worker ants
  A hound skeleton (D:7)
  16 adders
  3 shadow imps
  2 oozes
  4 worms
  3 dart slugs
  6 leopard geckos
  31 orcs
  6 giant cockroaches
  10 goblins
  9 hobgoblins
  14 jackals
  8 kobolds
  3 quokkas
  2 ball pythons
  6 bats
  13 frilled lizards
  A giant cockroach zombie (D:6)
  A quokka skeleton (D:5)
  8 rats
  2 plants (Sewer)
206 creatures vanquished.

Vanquished Creatures (others)
  An ice beast (D:8)
  An orc wizard (D:4)
  An orc (D:8)
3 creatures vanquished.

Grand Total: 209 creatures vanquished

Notes
Turn   | Place    | Note
-------+----------+-------------------------------------------
     0 | D:1      | Holzbalken the Gargoyle Monk began the quest for the Orb.
     0 | D:1      | Reached XP level 1. HP: 14/14 MP: 1/1
   263 | D:1      | Reached XP level 2. HP: 18/19 MP: 2/2
   605 | D:1      | Reached skill level 4 in Maces & Flails
   764 | D:1      | Reached XP level 3. HP: 23/23 MP: 3/3
  1173 | D:2      | Found an iron altar of Okawaru.
  1195 | D:2      | Became a worshipper of Warmaster Okawaru
  1195 | D:2      | Reached * piety under Okawaru
  1195 | D:2      | Reached ** piety under Okawaru
  1234 | D:2      | Reached XP level 4. HP: 24/28 MP: 4/4
  1399 | D:2      | Reached skill level 5 in Maces & Flails
  1867 | D:3      | Reached XP level 5. HP: 22/32 MP: 5/5
  2144 | D:3      | Found a glowing drain.
  2162 | Sewer    | Entered a sewer
  2469 | Sewer    | Reached skill level 6 in Maces & Flails
  3330 | D:3      | Reached XP level 6. HP: 29/37 MP: 6/6
  4055 | D:4      | Reached skill level 7 in Maces & Flails
  4262 | D:4      | Reached XP level 7. HP: 20/41 MP: 7/7
  4493 | D:4      | Reached *** piety under Okawaru
  4493 | D:4      | Reached skill level 8 in Maces & Flails
  5047 | D:5      | Entered Level 5 of the Dungeon
  5130 | D:5      | Found Imosuk's Antique Armour Shoppe.
  5243 | D:5      | Reached skill level 9 in Maces & Flails
  5521 | D:5      | Reached XP level 8. HP: 24/46 MP: 8/8
  6017 | D:6      | Reached **** piety under Okawaru
  6239 | D:6      | Reached skill level 10 in Maces & Flails
  6301 | D:6      | Reached skill level 1 in Shields
  6457 | D:6      | Found a shattered altar of Ashenzari.
  6460 | D:6      | Found an ancient bone altar of Kikubaaqudgha.
  6463 | D:6      | Found a stormy altar of Qazlal.
  6723 | D:7      | Found a glowing silver altar of Zin.
  6776 | D:7      | Found a staircase to the Ecumenical Temple.
  6782 | D:7      | Noticed a hippogriff
  6795 | D:7      | Killed a hippogriff
  6963 | D:7      | Reached skill level 1 in Armour
  7019 | D:7      | Reached XP level 9. HP: 51/51 MP: 9/9
  7037 | D:7      | Reached ***** piety under Okawaru
  8218 | D:8      | Noticed a two-headed ogre
  8237 | D:8      | Reached skill level 11 in Maces & Flails
  8246 | D:8      | Killed a two-headed ogre
  8246 | D:8      | Reached skill level 5 in Shields
  8532 | D:8      | Noticed a dagger
  8532 | D:8      | Noticed a dagger
  8533 | D:8      | Found a hide-covered altar of Uskayaw.
  8549 | D:8      | Noticed Maurice
  8565 | D:8      | Killed Maurice
  8565 | D:8      | Reached skill level 5 in Armour
  8679 | D:5      | Bought a slimy buckler for 304 gold pieces
  8689 | D:5      | Identified the +2 buckler "Asytem" {MR+ Stlth+} (You bought it in a shop on level 5 of the Dungeon)
  8959 | D:8      | Reached XP level 10. HP: 44/56 MP: 10/10
  9037 | D:8      | Found a white marble altar of Elyvilon.
  9271 | D:8      | Found a shimmering altar of Xom.
  9493 | D:8      | Noticed a two-headed ogre
  9509 | D:8      | Killed a two-headed ogre
  9509 | D:8      | Reached skill level 5 in Fighting
  9946 | D:9      | Received a gift from Okawaru
 10101 | D:9      | Reached skill level 12 in Maces & Flails
 10103 | D:9      | HP: 3/60 [orc warrior/battleaxe (14)]
 10111 | D:9      | Mangled by an orc warrior

Vault maps used:
D:1:      scummos_arrival_checkerplants
D:2:      hangedman_decor_slide_cut, moated_statue, okawaru_trees_1
D:3:      gup_sewer_entry_bowl, first_ration
D:5:      serial_shops, kennysheep_mini_moat, grunt_decor_fettered,
          lemuel_flamethrower_1
D:6:      grunt_temple_overflow_diamond
D:7:      zin_academy, minmay_temple_entry_large_hall
D:8:      xom_confusion_cloud, kennysheep_little_box, dancing_weapons_uskayaw,
          uniq_maurice
D:9:      serial_shops, shop
Sewer:    sewer_co_scattered_pipes

Skill      XL: |  1  2  3  4  5  6  7  8  9 10 |
---------------+-------------------------------+-----
Maces & Flails | 4 5 6 7 9 10 11 12 | 12.0
Shields        | 3 6 |  6.3
Armour         | 1 5 6 |  6.4
Fighting       | 6 |  6.2
Dodging        | |  2.4
Stealth        | |  2.1

Action                   |  1- 3 |  4- 6 |  7- 9 | 10-12 || total
-------------------------+-------+-------+-------+-------++-------
Melee: Mace              |   119 |   379 |       |       ||   498
       Flail             |       |    48 |   438 |   142 ||   628
  Use: Potion            |       |     2 |       |     2 ||     4
  Eat: Chunk             |     1 |    10 |     8 |     2 ||    21
       Ration            |       |       |     3 |       ||     3
Armor: Leather armour    |     5 |       |       |       ||     5
       Chain mail        |    79 |   326 |   247 |    79 ||   731
Dodge: Dodged            |    62 |   172 |   100 |    27 ||   361
Block: Shield            |       |       |   112 |       ||   112
       Buckler           |       |       |       |    35 ||    35

Table legend:
 A = Spawn XP
 B = Non-spawn XP
 C = Spawn XP percentage of total XP
 D = Spawn monster count
 E = Non-spawn monster count
 F = Spawn count percentage of total count
 G = Total turns spent on level
                    A         B        C        D         E        F      G
               +---------+---------+-------+---------+---------+-------+---------
         Total |       0 |    7261 |   0.0 |       0 |     205 |   0.0 | 10111
               +---------+---------+-------+---------+---------+-------+---------
           D:1 |       0 |      34 |   0.0 |       0 |      22 |   0.0 |   872
           D:2 |       0 |      97 |   0.0 |       0 |      22 |   0.0 |  1030
           D:3 |       0 |     208 |   0.0 |       0 |      38 |   0.0 |  1459
           D:4 |       0 |     477 |   0.0 |       0 |      19 |   0.0 |  1156
           D:5 |       0 |     372 |   0.0 |       0 |      19 |   0.0 |   910
           D:6 |       0 |     618 |   0.0 |       0 |      15 |   0.0 |   887
           D:7 |       0 |    1050 |   0.0 |       0 |      25 |   0.0 |  1494
           D:8 |       0 |    3251 |   0.0 |       0 |      18 |   0.0 |  1436
           D:9 |       0 |    1102 |   0.0 |       0 |       8 |   0.0 |   177
         Sewer |       0 |      52 |   0.0 |       0 |      19 |   0.0 |   690
               +---------+---------+-------+---------+---------+-------+---------
